 Dungeon Crawl Stone Soup version 0.21.1-1-g345015f (webtiles) character file.

4 shakethe the Firebug (level 1, 0/10 HPs)
             Began as a Deep Elf Fire Elementalist on Feb 8, 2018.
             Killed from afar by a dart slug (2 damage)
             ... with a slug dart
             ... on level 1 of the Dungeon.
             The game lasted 00:00:50 (72 turns).

shakethe the Firebug (Deep Elf Fire Elementalist)     Turns: 72, Time: 00:00:51

Health: 0/10       AC:  2    Str:  5    XL:     1   Next: 58%
Magic:  0/6        EV: 13    Int: 19    God:
Gold:   0          SH:  0    Dex: 15    Spells: 5/6 levels left

rFire    . . .     SeeInvis .   (no weapon)
rCold    . . .     Gourm    .   (no shield)
rNeg     . . .     Faith    .   a - +0 robe
rPois    .         Spirit   .   (no helmet)
rElec    .         Reflect  .   (no cloak)
rCorr    .         Harm     .   (no gloves)
MR       .....                  (no boots)
Stlth    ++........             (no amulet)
HPRegen  0.03/turn              (no ring)
MPRegen  0.10/turn              (no ring)

@: no status effects
A: no striking features
a: no special abilities


You were on level 1 of the Dungeon.
You were not hungry.

You visited 1 branch of the dungeon, and saw 1 of its levels.

Inventory:

Armour
 a - a +0 robe (worn)
Books
 b - a book of Flames
Comestibles
 c - a ration


   Skills:
 - Level 2.4 Dodging
 - Level 2.4 Stealth
 + Level 3.1 Spellcasting
 + Level 1.3 Conjurations
 * Level 3.5 Fire Magic


You had 5 spell levels left.
You knew the following spells:

 Your Spells              Type           Power        Failure   Level  Hunger
a - Flame Tongue          Conj/Fire      ##...        5%          1    None


Dungeon Overview and Level Annotations

Branches:
Dungeon (1/15)

Altars:


Message History

Welcome, shakethe the Deep Elf Fire Elementalist.
The bosom of this dungeon contains the fabled artefact, the Orb of Zot.
Found 16 stones and 11 gold pieces.
Found a staircase leading out of the dungeon.
Unknown command.
A rat and a kobold come into view.
Found a stone staircase leading down.
There are monsters nearby!
A dart slug comes into view.
The kobold shouts!
You hear a shout!
A goblin comes into view. It is wielding a club.
Aim: a rat The flame tongue misses the rat.
The goblin shouts!
You now have 5/6 mp.
Aim: a rat The flame tongue hits the rat.
You kill the rat!
A goblin comes into view. It is wielding a dagger of speed.
You now have 4/6 mp.
Aim: a dart slug The flame tongue hits the dart slug.
The kobold throws a stone.
The stone misses you.
You now have 3/6 mp.
Aim: a kobold, wielding a short sword The flame tongue misses the kobold.
The kobold throws a stone.
The stone hits you but does no damage.
You now have 2/6 mp.
Aim: a kobold, wielding a short sword The flame tongue hits the kobold.
You kill the kobold!
You now have 1/6 mp.
Aim: a goblin, wielding a club The flame tongue hits the goblin.
You kill the goblin!
You now have 0/6 mp.
The dart slug launches a dart at you. The slug dart misses you.
Aim: a goblin, wielding a dagger of speed The flame tongue misses the goblin.
You now have 0/6 mp.
The goblin hits you but does no damage. The goblin closely misses you.
The dart slug closely misses you. The goblin misses you.
Aim: a goblin, wielding a dagger of speed The flame tongue hits the goblin.
You kill the goblin!
The dart slug closely misses you. The dart slug launches a dart at you.
The slug dart misses you. The dart slug launches a dart at you.
The slug dart hits you!
You take 3 damage, and have 7/10 hp.
MASSIVE DAMAGE!!
Aim: a dart slug The flame tongue hits the dart slug.
You now have 1/6 mp.
Aim: a dart slug (moderately wounded)
The flame tongue hits the dart slug.
You now have 0/6 mp.
You don't have enough magic to cast that spell.
The dart slug bites you.
There is a staircase leading out of the dungeon here.
You take 3 damage, and have 4/10 hp.
MASSIVE DAMAGE!!
The dart slug launches a dart at you. The slug dart misses you.
The dart slug bites you.
* * * LOW HITPOINT WARNING * * *
You take 1 damage, and have 3/10 hp.
Aim: a dart slug (heavily wounded)
The flame tongue hits the dart slug.
The dart slug appears unharmed.
The dart slug barely misses you.
You now have 0/6 mp.
The dart slug launches a dart at you. The slug dart hits you!
* * * LOW HITPOINT WARNING * * *
You take 2 damage, and have 1/10 hp.
The dart slug misses you.
Aim: a dart slug (lightly wounded)
The flame tongue hits the dart slug.
You now have 0/6 mp.
Unknown command.
The dart slug launches a dart at you. The slug dart misses you.
The dart slug launches a dart at you. The slug dart hits you!
You die...

##.....##.........# ..
.....#.#...#......# ..#
..........#.#.....##..#
#.......#...#........#
###..#####.....#####...#
#.....#.........).#....#
#.....#....<.w..#...>.#
#.....#.........#)....#
..#..#........@(.#....#
.!...#####.....#####...%.
..........#.(.#..........
##.........#.#...........
###........#............
#####......$.........
########..#......
##..##..## #.# .#


You could see a dart slug.

Vanquished Creatures
  2 goblins (D:1)
  A kobold (D:1)
  A rat (D:1)
4 creatures vanquished.

Notes
Turn   | Place    | Note
-------+----------+-------------------------------------------
     0 | D:1      | shakethe the Deep Elf Fire Elementalist began the quest for the Orb.
     0 | D:1      | Reached XP level 1. HP: 10/10 MP: 6/6
    56 | D:1      | HP: 1/10 [dart slug/slug dart (2)]
    72 | D:1      | Killed from afar by a dart slug

Action                   || total
-------------------------++-------
 Cast: Flame Tongue      ||    12
Armor: Robe              ||     2
Dodge: Dodged            ||    11

Vault maps used:
D:1:      scummos_arrival_star

Table legend:
 A = Turns spent in this place as a percentage of turns spent in the entire game.
 B = Non-inter-level travel turns spent in this place as a percentage of non-inter-level travel turns spent in the entire game.
 C = Inter-level travel turns spent in this place as a percentage of turns spent in this place.
 D = Turns resting spent in this place as a percentage of non-inter-level travel turns spent in this place.
 E = Turns spent auto-exploring this place as a percentage of non-inter-level travel turns spent in this place.
 F = Non-inter-level travel turns spent in this place divided by the number of levels of this place that you've seen.
                   A       B       C       D       E      F
               +-------+-------+-------+-------+-------+----------------------
         Total | 100.0 | 100.0 |   0.0 |   0.0 |   1.4 |  72.0
       Dungeon | 100.0 | 100.0 |   0.0 |   0.0 |   1.4 |  72.0
               +-------+-------+-------+-------+-------+----------------------

Table legend:
 A = Kills in this place as a percentage of kills in entire the game.
 B = Kills by you in this place as a percentage of kills by you in the entire game.
 C = Kills by friends in this place as a percentage of kills by friends in the entire game.
 D = Other kills in this place as a percentage of other kills in the entire game.
 E = Experience gained in this place as a percentage of experience gained in the entire game.
 F = Experience gained in this place divided by the number of levels of this place that you have seen.
                   A       B       C       D       E      F
               +-------+-------+-------+-------+-------+----------------------
         Total | 100.0 | 100.0 |   N/A |   N/A | 100.0 |   7.0
       Dungeon | 100.0 | 100.0 |   N/A |   N/A | 100.0 |   7.0
               +-------+-------+-------+-------+-------+----------------------
